AoeStats
← [GG] Shevchenko 7

Black Forest

506216113Analyzed
3v3 RM · 21d ago on Sep 12, 2026· 46m 27s· 6 players
Game mode
Random Map
Map size
Normal (6 player)
Population
200
Speed
Normal
Resources
Standard
Victory
Conquest
Starting age
Dark Age
Ending age
Imperial Age
RankedLock teamsTeams togetherTeam positionsShared explorationLock speedFull tech treeHidden civsTurbo modeCheats
Victory
Defeat
🇧🇷 Magyars · Brazil
1041
+12
🇧🇷 Portuguese · Brazil
1005
+13
🇧🇷 Turks · Brazil
957
+15
🇩🇪 Portuguese · Germany
958
-14
🇩🇪 Bohemians · Germany
929
-13
🇩🇪 Turks · Germany
925
-13
Duckman_Drake
1:07 Loom
9:37 Feudal Age
10:11 Double-Bit Axe
10:47 Horse Collar
17:04 Castle Age
18:16 Bow Saw
19:31 Heavy Plow
20:41 Wheelbarrow
24:37 Hand Cart
29:00 Chemistry
31:27 Imperial Age
30:45 Town Watch
31:06 Caravan
32:03 Forging
31:54 Scale Mail Armor
32:17 Ballistics
32:38 Conscription
32:28 Wagenburg Tactics
34:07 Two-Man Saw
34:08 Siege Engineers
36:00 Houfnice
36:48 Pikeman
37:28 Squires
38:56 Iron Casting
38:36 Chain Mail Armor
37:51 Elite Hussite Wagon
40:24 Blast Furnace
38:51 Halberdier
LordFlaaf
0:27 Loom
13:26 Feudal Age
18:33 Castle Age
16:33 Double-Bit Axe
17:11 Horse Collar
17:29 Stone Mining
21:13 Bow Saw
25:45 Fortified Wall
26:50 Heavy Plow
28:49 Town Watch
30:51 Ballistics
32:13 Scale Mail Armor
33:13 Wheelbarrow
36:19 Imperial Age
35:34 Bloodlines
35:48 Gold Mining
36:15 Hand Cart
36:18 Husbandry
36:37 Chain Mail Armor
39:17 Squires
matzeksuperstar
8:46 Loom
11:20 Feudal Age
16:09 Castle Age
23:18 Double-Bit Axe
23:19 Horse Collar
23:44 Gold Mining
23:45 Stone Mining
29:14 Forging
29:11 Scale Barding Armor
30:28 Wheelbarrow
33:52 Imperial Age
34:07 Iron Casting
33:53 Chain Barding Armor
34:42 Stone Shaft Mining
34:08 Light Cavalry
36:01 Heavy Plow
38:26 Conscription
39:23 Bloodlines
39:13 Husbandry
41:38 Blast Furnace
43:37 Arquebus
45:11 Scale Mail Armor
46:06 Plate Barding Armor
45:24 Pikeman
45:50 Arson
[GG] Ibrahimovic
5:03 Loom
14:07 Feudal Age
14:44 Double-Bit Axe
15:06 Horse Collar
18:38 Castle Age
19:31 Bow Saw
24:30 Imperial Age
24:25 Caravan
24:55 Padded Archer Armor
28:52 Gold Mining
29:06 Heavy Plow
28:54 Town Watch
31:07 Leather Archer Armor
35:30 Wheelbarrow
39:35 Sanctity
39:27 Fervor
40:53 Ring Archer Armor
42:47 Hand Cart
43:37 Two-Man Saw
[GG] Shevchenko 7
3:27 Loom
10:09 Feudal Age
9:42 Loom
14:26 Castle Age
14:41 Double-Bit Axe
31:46 Imperial Age
29:40 Ballistics
30:15 Bow Saw
29:59 Gold Mining
29:59 Horse Collar
30:23 Light Cavalry
31:14 Bloodlines
32:24 Wheelbarrow
31:46 Stone Mining
33:53 Chemistry
32:50 Murder Holes
34:21 Redemption
36:39 Hand Cart
38:09 Elite Organ Gun
42:41 Masonry
42:52 Bombard Tower
42:23 Guard Tower
[GG] Trezeguet
9:39 Feudal Age
11:22 Loom
16:16 Castle Age
22:35 Horse Collar
23:57 Double-Bit Axe
25:12 Heavy Plow
26:50 Wheelbarrow
27:13 Scale Barding Armor
27:56 Hand Cart
28:05 Corvinian Army
30:17 Chain Barding Armor
30:05 Scale Mail Armor
32:24 Stone Mining
33:55 Chain Mail Armor
Connection lost

Rejoining the realm…

Still unreachable

The connection could not be restored.

Session expired

The server has moved on; the page needs a fresh start.